Unix NetHack Version 5.0.0-0 post-release - last build May 10 2026 23:12:36 (d1fa5d53e341ca933230fdaa984d921c805b60aa,branch:main).

Game began 2026-05-14 16:33:38, ended 2026-05-14 16:37:46.

DaveT, lawful male human Priest

         ---------------                                      ------------
         |.............|                                      |.^........|
        #-.............|                                      |..<.......|
        #|..............##                                    |..........|
        #--|------------                                      -|----------
        #  ##                                                ###
        #   #               -.---                            #
        #   #               |.:..                            #
        #   ##             #....|         -----------        #
        #    #           ###|..)|     #`##|....>.....#       #
        #    #           #  |....#########..........|##     -|----------
        #    #####       #  |...|        #|.........| ##    |..........|
       ##     ---.----- ##  -----         |^........|  #####|.`........|
       #      |.......| #                 -----------  #####...........|
  -----#      |.......|##                             ##    ------------
  |!%@B#      |...(...-#
  |!!@|       ---------
  |!!.|
  -----

DaveT the Acolyte            St:12 Dx:12 Co:15 In:11 Wi:18 Ch:8  Lawful
Dlvl:3  $:45 HP:0(36) Pw:34(34) AC:7  Xp:4 T:710 

Latest messages:
 "Hello, DaveT!  Welcome to Klodzko's liquor emporium!"
 That strange object is a large mimic!
 You miss the large mimic.
 You hit the large mimic.
 You miss the large mimic.
 You hit the large mimic.
 You miss the large mimic.
 The large mimic hits!
 You miss the large mimic.
 You hit the large mimic!
 The large mimic hits!
 You hit the large mimic.
 The large mimic hits!
 You miss the large mimic.
 You miss the large mimic.
 The large mimic hits!
 Are you sure you want to pray? [yn] (n) y
 You begin praying to Mercury.
 You are surrounded by a shimmering light.
 The large mimic loosens its grip slightly.
 You finish your prayer.
 You feel that Mercury is pleased.
 You feel much better.
 You miss the large mimic.
 The large mimic hits!
 You hit the large mimic.
 You miss the large mimic.
 The large mimic hits!
 You hit the large mimic!
 You miss the large mimic.
 The bat bites!
 You hit the large mimic!
 The bat bites!
 The bat bites!
 You cannot escape from the large mimic!
 The bat just misses!
 The bat bites!
 You miss the large mimic.
 The bat just misses!
 The bat bites!
 You kill the large mimic!
 Welcome to experience level 4.
 The bat bites!
 The bat bites!
 You kill the bat!
 The bat bites!
 You die...
 Klodzko gratefully inherits all your possessions.
 Do you want to see what you had when you died? [ynq] (y) y
 Do you want to see your attributes? [ynq] (y) q

Inventory:
 Coins    ('$')
  $ - 45 gold pieces
 Weapons  (')')
  l - 12 +0 darts
  a - a blessed +1 mace (weapon in right hand)
 Armor    ('[')
  c - a +0 small shield (being worn)
  b - a blessed +0 robe (being worn)
 Comestibles  ('%')
  w - a slime mold
  e - a clove of garlic
  p - a food ration
  f - 2 sprigs of wolfsbane
 Scrolls  ('?')
  q - a scroll of enchant weapon
  r - 2 scrolls of identify
 Spellbooks  ('+')
  h - a spellbook of create monster
  s - a spellbook of cure sickness
  g - a blessed spellbook of healing
  v - a spellbook of healing
 Potions  ('!')
  m - a potion of blindness
  j - 2 potions of healing
  i - a potion of speed
  d - 4 potions of holy water
 Rings    ('=')
  k - a ring of searching

DaveT the Priest's attributes:

Background:
 You were an Acolyte, a level 4 human Priest.
 You were lawful, on a mission for Mercury
 who was opposed by Venus (neutral) and Mars (chaotic).
 You were right-handed.
 You were in the Dungeons of Doom, on level 3.
 You entered the dungeon 710 turns ago.
 You had 103 experience points, 57 more were needed to attain level 5.

Basics:
 You had 0 out of 36 hit points.
 You had all 34 energy points (spell power).
 Your armor class was 7.
 Your wallet contained 45 zorkmids.
 Autopickup was off.

Final Characteristics:
 Your strength was 12 (limit:18/100).
 Your dexterity was 12 (limit:18).
 Your constitution was 15 (limit:18).
 Your intelligence was 11 (limit:18).
 Your wisdom was 18 (limit:18).
 Your charisma was 8 (limit:18).

Final Status:
 You weren't hungry.
 You were unencumbered.
 You were wielding a mace.
 You had basic skill with mace.

Final Attributes:
 You were fervently aligned.
 You were guarded.
 Your spell casting was enhanced by wearing a robe.
 You are dead.

Miscellaneous:
 You didn't encounter any bones levels.
 Total elapsed playing time was 4 minutes and 7 seconds.

Major events:
 Turn
    1: DaveT the lawful human Priest entered the dungeon
  544: attained the rank of Acolyte (level 3)
  710: killed by a bat

Spells:
 Name                 Level Category     Fail Retention
 healing                1   healing        0%  76%-100%
 create monster         2   clerical       0%  91%-100%

Skills:
 Fighting Skills
   bare handed combat [Unskilled]
 Weapon Skills
   club               [Unskilled]
   mace               [Basic]
   morning star       [Unskilled]
   flail              [Unskilled]
   hammer             [Unskilled]
   quarterstaff       [Unskilled]
   polearms           [Unskilled]
   spear              [Unskilled]
   trident            [Unskilled]
   lance              [Unskilled]
   bow                [Unskilled]
   sling              [Unskilled]
   crossbow           [Unskilled]
   dart               [Unskilled]
   shuriken           [Unskilled]
   boomerang          [Unskilled]
   unicorn horn       [Unskilled]
 Spellcasting Skills
   healing spells     [Unskilled]
   divination spells  [Unskilled]
   clerical spells    [Basic]

Voluntary challenges:
 Character rerolling was not enabled.
 You never genocided any monsters.
 You never polymorphed an object.
 You never changed form.
 You used no wishes.
Achievements:
 You attained the rank of Acolyte.
 You entered a shop.

 The Dungeons of Doom: levels 1 to 4
    Level 1:
    Level 2:
    Level 3: <- You were here.
       A potion shop.
       Final resting place for
          you, killed by a bat.
    Level 4:
       A fountain.


Vanquished creatures:
  a large mimic
  a jackal
  a fox
  a kobold
  3 goblins
  2 sewer rats
  a grid bug
  a bat
  2 lichens
  a kobold zombie
  a newt
15 creatures vanquished.

No species were genocided or became extinct.

Game over:
                       ----------
                      /          \
                     /    REST    \
                    /      IN      \
                   /     PEACE      \
                  /                  \
                  |      DaveT       |
                  |      45 Au       |
                  | killed by a bat  |
                  |                  |
                  |                  |
                  |                  |
                  |       2026       |
                 *|     *  *  *      | *
        _________)/\\_//(\/(/\)/\//\/|_)_______

Goodbye DaveT the Priest...

You died in The Dungeons of Doom on dungeon level 3 with 623 points,
and 45 pieces of gold, after 710 moves.
You were level 4 with a maximum of 36 hit points when you died.

